 Dungeon Crawl Stone Soup version 0.22-a0-815-gb582571 (webtiles) character file.

13685 Firecrotchwizard the Cleaver (level 11, -1/104 HPs)
             Began as a Deep Dwarf Monk on July 24, 2018.
             Was an Elder of Makhleb.
             Slain by a komodo dragon (11 damage)
             ... on level 2 of the Lair of Beasts.
             The game lasted 00:30:17 (9840 turns).

Firecrotchwizard the Cleaver (Deep Dwarf Monk)      Turns: 9840, Time: 00:30:18

Health: -1/104     AC: 14    Str: 18    XL:     11   Next: 78%
Magic:  15/15      EV:  9    Int:  6    God:    Makhleb [****..]
Gold:   556        SH:  5    Dex: 15    Spells: 10/10 levels left

rFire    + . .     SeeInvis +   P - +0 broad axe
rCold    . . .     Gourm    .   v - +0 buckler
rNeg     + . .     Faith    .   j - +0 chain mail
rPois    +         Spirit   .   u - +0 helmet
rElec    .         Reflect  .   K - +0 cloak
rCorr    .         Harm     .   m - +0 pair of gloves
MR       +....                  f - +0 pair of boots
Stlth    ..........             (no amulet)
HPRegen  0.00/turn              N - ring of Lahuodag {rPois rF+ rN+ Int-5 SInv}
MPRegen  0.14/turn              (no ring)

@: non-regenerating
A: damage resistance, heal wounds, sense surroundings 2, no regeneration
a: Heal Wounds, Minor Destruction, Lesser Servant of Makhleb, Major Destruction,
Renounce Religion


You were on level 2 of the Lair of Beasts.
You worshipped Makhleb.
Makhleb was greatly pleased with you.
You were not hungry.

You visited 3 branches of the dungeon, and saw 12 of its levels.
You also visited: Sewer.

You collected 556 gold pieces.

Inventory:

Hand Weapons
 w - a +2 whip of electrocution
   (You took it off Pikel on level 4 of the Dungeon)
 y - a +2 hand axe of electrocution
   (You took it off an orc on level 5 of the Dungeon)
 P - a +0 broad axe (weapon)
   (You found it on level 6 of the Dungeon)
Armour
 f - a +0 pair of boots (worn)
   (You found it on level 3 of the Dungeon)
 j - a +0 chain mail (worn)
   (You found it on level 1 of the Dungeon)
 m - a +0 pair of gloves (worn)
   (You found it on level 2 of the Dungeon)
 u - a +0 helmet (worn)
   (You found it on level 4 of the Dungeon)
 v - a +0 buckler (worn)
   (You found it on level 4 of the Dungeon)
 K - a +0 cloak (worn)
   (You found it on level 9 of the Dungeon)
 T - a +0 buckler of reflection
   (You took it off a spriggan on level 2 of the Lair of Beasts)
 U - a +2 buckler
   (You took it off a spriggan on level 2 of the Lair of Beasts)
Jewellery
 d - an uncursed ring of ice {rC+, rF-}
   (You found it on level 4 of the Dungeon)
 A - an uncursed ring of fire {rF+, rC-}
   (You found it on level 7 of the Dungeon)
 N - the ring of Lahuodag (left hand) {rPois rF+ rN+ Int-5 SInv}
   (You found it on level 9 of the Dungeon)

   [ring of positive energy]

   It affects your intelligence (-5).
   It protects you from fire.
   It protects you from poison.
   It protects you from negative energy.
   It lets you see invisible.
 S - the ring "Dekhueru" {*Tele +Fly rF- rC+++}
   (You found it on level 1 of the Lair of Beasts)

   [ring of teleportation]

   It may teleport you next to monsters.
   It makes you vulnerable to fire.
   It renders you almost immune to cold.
   It lets you fly.
Wands
 B - a wand of disintegration (34) {@e1}
   (You found it on level 7 of the Dungeon)
 D - a wand of digging (12)
   (You found it on level 7 of the Dungeon)
 G - a wand of iceblast (3)
   (You found it on level 8 of the Dungeon)
 I - a wand of paralysis (15)
   (You found it on level 8 of the Dungeon)
 J - a wand of random effects (26)
   (You found it on level 8 of the Dungeon)
Scrolls
 a - a scroll of fear {unknown}
 b - a scroll of immolation {unknown}
 e - 8 scrolls of teleportation {unknown}
 h - a scroll of summoning {unknown}
 o - 6 scrolls of identify
 p - 2 scrolls of amnesia
 t - 3 scrolls of remove curse
 x - a scroll of magic mapping {unknown}
 z - 2 scrolls of enchant weapon
 E - a scroll of vulnerability {unknown}
 F - 2 scrolls of enchant armour {unknown}
 L - a scroll of noise {unknown}
 Q - a scroll of torment {unknown}
Potions
 g - 2 potions of brilliance {unknown}
 i - 3 potions of lignification {unknown}
 k - 2 potions of heal wounds {unknown}
 l - 2 potions of haste {unknown}
 n - 3 potions of curing {unknown}
 q - 2 potions of berserk rage {unknown}
 r - 2 potions of might {unknown}
 s - 2 potions of flight {unknown}
 C - a potion of resistance {unknown}
 H - a potion of magic {unknown}
 M - a potion of cancellation {unknown}
 O - a potion of ambrosia {unknown}
Comestibles
 c - 22 rations {@e1}
 R - 9 chunks of flesh {@w0}


   Skills:
 + Level 8.7 Fighting
 * Level 14.7 Axes
 - Level 4.1 Armour
 - Level 3.6 Dodging
 - Level 2.4 Stealth
 - Level 4.1 Shields
 + Level 10.1 Invocations


You had 10 spell levels left.
You didn't know any spells.
Your spell library contained the following spells:

 Spells                   Type           Power        Failure   Level  Hunger
 Summon Small Mammal      Summ           #...         99%         1    ##.....
 Summon Ice Beast         Ice/Summ       #.......     100%        4    #####..
 Call Imp                 Summ           #.......     100%        2    ###....
 Call Canine Familiar     Summ           #.......     100%        3    ####...
 Summon Lightning Spire   Summ/Air       #.......     100%        4    #####..
 Summon Guardian Golem    Hex/Summ       #.......     100%        3    ####...


Dungeon Overview and Level Annotations

Branches:
Dungeon (9/15)             Temple (1/1) D:6            Lair (2/6) D:8
  Swamp: Lair:2-4    Shoals: Lair:2-4     Snake: Lair:2-4    Spider: Lair:2-4
    Orc: D:9-12

Altars:
Ashenzari
Cheibriados
Dithmenos
Elyvilon
Fedhas
Gozag
Hepliaklqana
Kikubaaqudgha
Makhleb
Nemelex Xobeh
Okawaru
Qazlal
Ru
Sif Muna
Trog
Uskayaw
Vehumet
Wu Jian
Xom
Yredelemnul
Zin
The Shining One


Innate Abilities, Weirdness & Mutations

You are resistant to damage.
You can heal yourself by infusing magical energy.
You passively map the area around you.
You do not regenerate.


Message History

A water moccasin comes into view.
The water moccasin hisses angrily.
The water moccasin bites you but does no damage.
Aim: Urug, wielding an enchanted eveningstar and wearing a scale mail (chance to defeat MR: 28%) Urug easily resists.
The water moccasin bites you but does no damage.
Urug throws a javelin.
The javelin hits you!
You take 6 damage, and have 66/104 hp.
Urug hits you but does no damage.
You slice Urug!! You slash the water moccasin!
The water moccasin barely misses you. x2; Urug barely misses you.
You barely miss Urug. You miss the water moccasin.
The water moccasin bites you but does no damage.
You hit Urug. You hit the water moccasin. Urug hits you but does no damage.
The water moccasin bites you but does no damage.
You slash Urug! You barely miss the water moccasin.
The water moccasin bites you but does no damage.
You block Urug's attack.
You barely miss Urug. You miss the water moccasin.
The water moccasin bites you but does no damage. x2
Urug hits you with an enchanted eveningstar!!
You take 29 damage, and have 37/104 hp.
MASSIVE DAMAGE!!
You hit Urug. You closely miss the water moccasin.
The water moccasin bites you.
You hit Urug but do no damage. You slash the water moccasin!
You block the water moccasin's attack. Urug misses you.
You hit Urug but do no damage. You hit the water moccasin.
The water moccasin bites you.
You are poisoned.
The water moccasin poisons you! Urug hits you but does no damage.
The water moccasin bites you but does no damage.
You take 2 damage, and have 35/104 hp.
You feel much better. The water moccasin barely misses you.
You block Urug's attack.
You regained 21 hp, and now have 56/104 hp.
You slash Urug! You barely miss the water moccasin.
The water moccasin bites you.
You are more poisoned.
The water moccasin poisons you!
You take 3 damage, and have 53/104 hp.
You barely miss Urug. You slash the water moccasin!
You kill the water moccasin!
Makhleb accepts your kill.
You feel better.
You feel sick. Urug closely misses you.
You regained 8 hp, and now have 61/104 hp.
You closely miss Urug.
Urug hits you with an enchanted eveningstar!!
You take 16 damage, and have 45/104 hp.
You slash Urug!
You kill Urug!
Makhleb accepts your kill.
You feel better.
You regained 12 hp, and now have 57/104 hp.
s - 2 fuming red potions (gained 1)
Items here: ( ) [ † an enchanted eveningstar; 5 javelins; a scale mail; the orc corpse of Urug You butcher the orc corpse of Urug.
R - 10 chunks of flesh {@w0} (gained 3)
Things that are here:
an enchanted eveningstar; 5 javelins; a scale mail You start waiting.
Eating one of 10 chunks of flesh {@w0}.
You eat one of the 10 chunks of flesh {@w0}.
You are no longer poisoned.
A porcupine comes into view.
You are too injured to fight recklessly!
You are too injured to fight recklessly!
You hit the porcupine but do no damage. You hit the plant but do no damage.
You block the porcupine's attack.
You are struck by the porcupine's spines.
You slice the porcupine!!
You kill the porcupine!
Makhleb accepts your kill.
You feel better.
You hit the plant but do no damage.
You regained 2 hp, and now have 59/104 hp.
A komodo dragon comes into view.
You are too injured to fight recklessly!
You barely miss the komodo dragon. You hit the fungus.
The komodo dragon bites you.
You slash the komodo dragon! You hit the fungus but do no damage.
The komodo dragon bites you.
You take 2 damage, and have 57/104 hp.
You slice the komodo dragon!! You slash the fungus!
The komodo dragon bites you!
You take 15 damage, and have 42/104 hp.
Your chain mail prevents you from hitting the komodo dragon.
You hit the fungus. The komodo dragon bites you!
You take 7 damage, and have 35/104 hp.
You slash the komodo dragon! You slash the fungus!
The komodo dragon barely misses you.
You hit the komodo dragon. You slash the fungus!
You destroy the fungus!
The komodo dragon bites you!!
* * * LOW HITPOINT WARNING * * *
You take 25 damage, and have 10/104 hp.
MASSIVE DAMAGE!!
You hit the komodo dragon but do no damage.
You hit the komodo dragon. The komodo dragon bites you!
You die...

♣.♣...♣ , * #..* ##...
♣.♣♣♣.♣ , ## #.## #..#.
..♣ ♣.♣ *,,,
##.######..###..#. .♣♣
♣.♣ ,
,................#. .♣
♣.♣ #.. ###.#..###..#.
♣♣ ♣.♣* #), #.# #.##
##.#. ♣ .. ..# ##.##
#.## #..P. ♣ * #..
#.l.# #..###.... * #..
#@.# ##.#.##.... * ##.#
##..# #P<.###.).. ,
#..###P.## #..#####...
#...#...######.#..##...
#....................#.
,*
#.P##..#.#.#.#..#P#P.#.
#..####.##.###### #....
* #.## ####.## #.... *
#.# #...# #P.#.


You could see a komodo dragon.

Vanquished Creatures
  Urug (Lair:2)
  Nergalle (Lair:2)
  Pikel (D:4)
  A black mamba (Lair:1)
  3 spiny frogs (Lair:2)
  4 komodo dragons
  A hornet (D:8)
  A hippogriff (Lair:1)
  A wyvern (Lair:2)
  7 spriggans (Lair:2)
  Sigmund (D:7)
  A basilisk (Lair:2)
  22 yaks
  Edmund (D:6)
  A soldier ant (D:8)
  10 porcupines
  3 water moccasins
  3 slaves
  Purgy (Sewer)
  2 ice beasts
  A black bear (D:9)
  An orc warrior (D:9)
  2 sky beasts
  3 ogres
  4 centaurs
  3 crocodiles
  A big kobold (D:5)
  3 bullfrogs
  2 scorpions
  4 killer bees (D:9)
  4 wights (D:9)
  A howler monkey (D:5)
  4 crimson imps
  A jelly (D:5)
  3 orc priests
  A hound (D:8)
  7 orc wizards
  2 iguanas
  A bullfrog skeleton (D:9)
  10 worker ants
  A hound skeleton (D:5)
  6 gnolls
  11 adders
  2 shadow imps
  An ooze (D:2)
  An adder skeleton (D:7)
  8 worms
  4 dart slugs
  5 leopard geckos
  28 orcs
  5 giant cockroaches
  8 goblins
  11 hobgoblins
  9 jackals
  3 quokkas
  3 ball pythons
  16 bats
  7 frilled lizards
  30 kobolds
  A leopard gecko zombie (D:5)
  A quokka skeleton (D:4)
  10 rats
  A fungus (Lair:2)
  4 plants (D:5)
300 creatures vanquished.

Vanquished Creatures (others)
  A kobold (D:5)
  4 plants (D:8)
5 creatures vanquished.

Grand Total: 305 creatures vanquished

Notes
Turn   | Place    | Note
-------+----------+-------------------------------------------
     0 | D:1      | Firecrotchwizard the Deep Dwarf Monk began the quest for the Orb.
     0 | D:1      | Reached XP level 1. HP: 20/20 MP: 1/1
    37 | D:1      | Reached XP level 2. HP: 22/27 MP: 2/2
   169 | D:1      | Reached skill level 3 in Fighting
   219 | D:1      | Reached skill level 4 in Axes
   243 | D:1      | Reached XP level 3. HP: 31/34 MP: 3/3
   628 | D:2      | Reached skill level 1 in Armour
   628 | D:2      | Reached XP level 4. HP: 23/42 MP: 4/4
  1023 | D:2      | Reached skill level 5 in Axes
  1108 | D:2      | Reached XP level 5. HP: 37/49 MP: 5/5
  1610 | D:3      | Reached skill level 2 in Armour
  1665 | D:3      | Found a deep blue altar of Sif Muna.
  1669 | D:3      | Found a blossoming altar of Fedhas.
  1865 | D:4      | Noticed a slave
  1897 | D:3      | Killed a slave
  1916 | D:4      | Noticed an ogre
  1930 | D:3      | HP: 9/49 [ogre/giant spiked club (22)]
  1942 | D:3      | Killed an ogre
  1942 | D:3      | Reached XP level 6. HP: 57/57 MP: 6/6
  2324 | D:4      | Found a hazy altar of Hepliaklqana.
  2327 | D:4      | Found an iron altar of Okawaru.
  2330 | D:4      | Found a radiant altar of Vehumet.
  2355 | D:4      | Noticed a slave
  2377 | D:4      | Killed a slave
  2377 | D:4      | Noticed a slave
  2396 | D:4      | Killed a slave
  2427 | D:4      | Noticed Pikel
  2427 | D:4      | Noticed a slave
  2451 | D:4      | HP: 14/57 [Pikel/whip of electrocution (17)]
  2452 | D:4      | Killed Pikel
  2452 | D:4      | Reached skill level 4 in Fighting
  2452 | D:4      | Reached skill level 7 in Axes
  2452 | D:4      | Reached skill level 4 in Armour
  2452 | D:4      | Reached XP level 7. HP: 16/66 MP: 7/7
  2520 | D:4      | Found a deep blue altar of Sif Muna.
  3080 | D:5      | Entered Level 5 of the Dungeon
  3108 | D:5      | Reached skill level 1 in Shields
  3248 | D:5      | Found a white marble altar of Elyvilon.
  3335 | D:5      | Reached skill level 8 in Axes
  3356 | D:5      | Reached skill level 2 in Shields
  3356 | D:5      | Reached XP level 8. HP: 44/73 MP: 8/8
  3502 | D:5      | Reached skill level 3 in Shields
  3557 | D:5      | Reached skill level 9 in Axes
  4328 | D:6      | Found a staircase to the Ecumenical Temple.
  4336 | Temple   | Entered the Ecumenical Temple
  4540 | Temple   | Became a worshipper of Makhleb the Destroyer
  4540 | Temple   | Reached * piety under Makhleb
  4540 | Temple   | Reached ** piety under Makhleb
  4591 | D:6      | Found a glowing drain.
  4603 | D:6      | Reached skill level 4 in Shields
  4612 | Sewer    | Entered a sewer
  4638 | Sewer    | Noticed Purgy
  4653 | Sewer    | Killed Purgy
  4653 | Sewer    | Reached skill level 1 in Invocations
  4824 | D:6      | Found an opulent altar of Gozag.
  4859 | D:6      | Reached skill level 10 in Axes
  4863 | D:6      | Reached skill level 5 in Fighting
  5079 | D:6      | Reached skill level 2 in Invocations
  5136 | D:6      | Noticed Edmund
  5146 | D:6      | Killed Edmund
  5146 | D:6      | Gained mutation: You passively map the area around you. [Deep Dwarf growth]
  5146 | D:6      | Reached XP level 9. HP: 78/81 MP: 10/10
  5781 | D:7      | Noticed Sigmund
  5787 | D:7      | Killed Sigmund
  5787 | D:7      | Reached skill level 3 in Invocations
  6306 | D:8      | Found a bloodstained altar of Trog.
  6324 | D:8      | Found a staircase to the Lair.
  6339 | D:8      | Reached skill level 4 in Invocations
  6344 | D:8      | Reached skill level 11 in Axes
  6381 | D:8      | Reached skill level 6 in Fighting
  6381 | D:8      | Reached skill level 5 in Invocations
  6399 | D:8      | Reached *** piety under Makhleb
  6413 | D:8      | Reached XP level 10. HP: 65/92 MP: 14/14
  6862 | D:8      | Reached skill level 12 in Axes
  6862 | D:8      | Reached skill level 6 in Invocations
  7611 | D:9      | Reached skill level 7 in Fighting
  7611 | D:9      | Reached skill level 7 in Invocations
  7696 | D:9      | Got a scintillating lead ring
  7851 | D:9      | Identified the ring of Lahuodag {rPois rF+ rN+ Int-5 SInv} (You found it on level 9 of the Dungeon)
  7930 | Lair:1   | Entered Level 1 of the Lair of Beasts
  7976 | Lair:1   | Noticed a black mamba
  7987 | Lair:1   | Killed a black mamba
  7987 | Lair:1   | Reached skill level 13 in Axes
  8006 | Lair:1   | Reached skill level 8 in Invocations
  8011 | Lair:1   | Reached **** piety under Makhleb
  8347 | Lair:1   | Reached XP level 11. HP: 102/102 MP: 17/17
  8700 | Lair:1   | Got a clouded bone ring
  8714 | Lair:1   | Identified the ring "Dekhueru" {*Tele +Fly rF- rC+++} (You found it on level 1 of the Lair of Beasts)
  9021 | Lair:2   | Reached skill level 8 in Fighting
  9030 | Lair:2   | Reached skill level 9 in Invocations
  9220 | Lair:2   | HP: 17/103 [spiny frog (15)]
  9230 | Lair:2   | Reached skill level 14 in Axes
  9378 | Lair:2   | Noticed Nergalle
  9393 | Lair:2   | Killed Nergalle
  9675 | Lair:2   | Reached skill level 10 in Invocations
  9722 | Lair:2   | Noticed Urug
  9741 | Lair:2   | Killed Urug
  9838 | Lair:2   | HP: 10/104 [komodo dragon (25)]
  9840 | Lair:2   | Slain by a komodo dragon

Vault maps used:
D:1:      matt_arrival_diagonals
D:2:      minmay_tromino_v4_c
D:3:      minitemple
D:4:      grunt_temple_overflow_diamond, first_ration, lemuel_blue_sif_altar,
          uniq_pikel
D:5:      kennysheep_kobold_camp, elyvilon_altar_5
D:6:      nicolae_gozag_cash_rules_everything_around_me,
          minmay_temple_entry_glassed_door, cheibrodos_sewer_entry_drain,
          uniq_edmund
D:7:      sigmund_army
D:8:      minmay_lair_entry_grove, hangedman_pestilent_swarm, kennysheep_nub,
          minivault_24, lemuel_tele_altar
Temple:   regret_index_temple_generic_petals
Lair:1:   infiniplex_staircase_pool, grunt_megastairs_1
Lair:2:   kb_forest_paths, serial_bayou_shore_b, uniq_nergalle, uniq_urug
Sewer:    sewer_big_baddie

Skill      XL: |  1  2  3  4  5  6  7  8  9 10 11 |
---------------+----------------------------------+-----
Fighting       | 3 4 5 6 7 8 |  8.7
Axes           | 4 5 7 8 10 11 13 14 | 14.7
Armour         | 1 2 4 |  4.1
Shields        | 2 4 |  4.1
Invocations    | 2 5 8 10 | 10.1
Dodging        | |  3.6
Stealth        | |  2.4

Action                   |  1- 3 |  4- 6 |  7- 9 | 10-12 || total
-------------------------+-------+-------+-------+-------++-------
Melee: Hand axe          |   120 |       |   302 |   370 ||   792
       Flail             |     4 |   204 |       |       ||   208
       Whip              |       |       |    99 |       ||    99
       Broad axe         |       |       |       |    82 ||    82
Invok: Minor Destruction |       |       |     2 |     1 ||     3
       Major Destruction |       |       |       |     1 ||     1
 Abil: Heal Wounds       |     2 |     6 |     8 |     7 ||    23
Evoke: Wand              |       |       |       |     1 ||     1
  Use: Scroll            |       |     4 |       |       ||     4
  Eat: Chunk             |       |     5 |    13 |    12 ||    30
Armor: Robe              |     4 |       |       |       ||     4
       Ring mail         |    24 |       |       |       ||    24
       Chain mail        |     9 |    55 |    40 |   139 ||   243
       Scale mail        |       |    59 |    82 |       ||   141
Dodge: Dodged            |   111 |   113 |   147 |   120 ||   491
Block: Buckler           |       |       |    61 |    55 ||   116

Table legend:
 A = Spawn XP
 B = Non-spawn XP
 C = Spawn XP percentage of total XP
 D = Spawn monster count
 E = Non-spawn monster count
 F = Spawn count percentage of total count
 G = Total turns spent on level
                    A         B        C        D         E        F      G
               +---------+---------+-------+---------+---------+-------+---------
         Total |       0 |   19551 |   0.0 |       0 |     292 |   0.0 |  9840
               +---------+---------+-------+---------+---------+-------+---------
           D:1 |       0 |      83 |   0.0 |       0 |      39 |   0.0 |   565
           D:2 |       0 |     116 |   0.0 |       0 |      27 |   0.0 |   805
           D:3 |       0 |     208 |   0.0 |       0 |      21 |   0.0 |   568
           D:4 |       0 |     822 |   0.0 |       0 |      13 |   0.0 |  1253
           D:5 |       0 |    1019 |   0.0 |       0 |      47 |   0.0 |   953
           D:6 |       0 |     673 |   0.0 |       0 |      27 |   0.0 |  1145
           D:7 |       0 |     341 |   0.0 |       0 |       7 |   0.0 |   699
           D:8 |       0 |    2971 |   0.0 |       0 |      28 |   0.0 |   860
           D:9 |       0 |    2345 |   0.0 |       0 |      33 |   0.0 |   857
        Lair:1 |       0 |    4130 |   0.0 |       0 |      19 |   0.0 |   975
        Lair:2 |       0 |    6704 |   0.0 |       0 |      25 |   0.0 |   840
         Sewer |       0 |     139 |   0.0 |       0 |       6 |   0.0 |    89
               +---------+---------+-------+---------+---------+-------+---------

Vault maps used:
D:1:      matt_arrival_diagonals
D:2:      minmay_tromino_v4_c
D:3:      minitemple
D:4:      grunt_temple_overflow_diamond, first_ration, lemuel_blue_sif_altar,
          uniq_pikel
D:5:      kennysheep_kobold_camp, elyvilon_altar_5
D:6:      nicolae_gozag_cash_rules_everything_around_me,
          minmay_temple_entry_glassed_door, cheibrodos_sewer_entry_drain,
          uniq_edmund
D:7:      sigmund_army
D:8:      minmay_lair_entry_grove, hangedman_pestilent_swarm, kennysheep_nub,
          minivault_24, lemuel_tele_altar
Temple:   regret_index_temple_generic_petals
Lair:1:   infiniplex_staircase_pool, grunt_megastairs_1
Lair:2:   kb_forest_paths, serial_bayou_shore_b, uniq_nergalle, uniq_urug
Sewer:    sewer_big_baddie

Table legend:
 A = Turns spent in this place as a percentage of turns spent in the entire game.
 B = Non-inter-level travel turns spent in this place as a percentage of non-inter-level travel turns spent in the entire game.
 C = Inter-level travel turns spent in this place as a percentage of turns spent in this place.
 D = Turns resting spent in this place as a percentage of non-inter-level travel turns spent in this place.
 E = Turns spent auto-exploring this place as a percentage of non-inter-level travel turns spent in this place.
 F = Non-inter-level travel turns spent in this place divided by the number of levels of this place that you've seen.
                   A       B       C       D       E      F
               +-------+-------+-------+-------+-------+----------------------
         Total | 100.0 | 100.0 |   6.9 |   4.9 |  68.0 | 705.0
       Dungeon |  78.3 |  78.0 |   7.2 |   4.7 |  68.4 | 794.2
        Temple |   2.3 |   2.0 |  21.6 |   0.0 |  95.6 | 181.0
          Lair |  18.4 |  19.1 |   3.7 |   6.4 |  65.4 | 873.5
         Sewer |   0.9 |   1.0 |   0.0 |   0.0 |  31.5 |  89.0
               +-------+-------+-------+-------+-------+----------------------

Table legend:
 A = Kills in this place as a percentage of kills in entire the game.
 B = Kills by you in this place as a percentage of kills by you in the entire game.
 C = Kills by friends in this place as a percentage of kills by friends in the entire game.
 D = Other kills in this place as a percentage of other kills in the entire game.
 E = Experience gained in this place as a percentage of experience gained in the entire game.
 F = Experience gained in this place divided by the number of levels of this place that you have seen.
                   A       B       C       D       E      F
               +-------+-------+-------+-------+-------+----------------------
         Total | 100.0 | 100.0 |   N/A |   N/A | 100.0 | 1503.9
       Dungeon |  82.9 |  82.9 |   N/A |   N/A |  43.9 | 953.1
          Lair |  15.1 |  15.1 |   N/A |   N/A |  55.4 | 5417.0
         Sewer |   2.1 |   2.1 |   N/A |   N/A |   0.7 | 139.0
               +-------+-------+-------+-------+-------+----------------------
